[Event "*** SCC Grand Prix: Titled Tuesday Blitz"]
[Site "Chess.com"]
[Date "2020.08.25"]
[Round "3"]
[White "David_Paravyan"]
[Black "WIDBIFS"]
[Result "1-0"]
[WhiteElo "2979"]
[BlackElo "2675"]
[TimeControl "180+1"]
[EndTime "10:30:55 PDT"]
[Termination "David_Paravyan won by checkmate"]

1. e4 g6 2. d4 Bg7 3. Nf3 d6 4. Bc4 c6 5. O-O Nf6 6. e5 dxe5 7. dxe5 Nd5 8. Nc3 Be6 9. Ng5 O-O 10. Nxe6 fxe6 11.
Qg4 Qc8 12. Bg5 b5 13. Bb3 Re8 14. a4 b4 15. Ne4 Na6 16. Rae1 Bxe5 17. h4 h5 18. Qe2 Bf6 19. g4 hxg4 20. Bxf6 Nxf6 21. Nxf6+ exf6 22. Bxe6+ Kg7 23. Bxc8 Rxe2 24. Bxa6 Rxc2 25. b3 Rd8 26. Re7+ Kh6 27. Bc4 Rc3 28. Kg2 f5 29. Rxa7 f4 30. Rf7 Rd4 31. Re7 g3 32. Bg8 g5 33.
hxg5+ Kxg5 34. Re5+ Kf6 35. Re6+ Kf5 36. Rh6 gxf2 37. Bc4 Rg3+ 38. Kh2 Rd2 39. a5 Ra2 40. a6 Ke4 41. Rxc6 Kf3 42. Bd5+ Ke2 43. Bc4+ Kf3 44. Re6 Rg2+ 45. Kh3 Rg3+ 46. Kh2 Ra5 47. Be2# 1-0

[Event "*** SCC Grand Prix: Titled Tuesday Blitz"]
[Site "Chess.com"]
[Date "2020.08.25"]
[Round "3"]
[White "kuban1991"]
[Black "thedjoker98"]
[Result "1/2-1/2"]
[WhiteElo "2810"]
[BlackElo "2580"]
[TimeControl "180+1"]
[EndTime "10:30:55 PDT"]
[Termination "Game drawn by repetition"]

1. Nf3 d5 2. g3 Bg4 3. Ne5 Be6 4. d4 Nd7 5. Bg2 Nxe5 6. dxe5 c6 7. O-O g6 8. c4 dxc4 9. Nd2 Bg7 10. Qa4 Bxe5 11.
Nxc4 Bg7 12. Rd1 Qc8 13. Qc2 Nf6 14. Bf4 O-O 15. e4 Rd8 16. Be5 Rxd1+ 17. Rxd1 Qe8 18. Na5 b6 19. Bxf6 Bxf6 20. Nxc6 Rc8 21. e5 Bxe5 22. Qe2 Bf6 23. Nxa7 Rd8 24. Rxd8 Qxd8 25. Nc6 Qd6 26. a4 Bb3 27. a5 bxa5 28. Nxa5 Bd1 29. Qb5 Qd2 30. Nc6 Be2 31. Qb8+ Kg7 32. h3 Qe1+ 33. Kh2 Qxf2 34. Qf4 Qxf4 35. gxf4 Bb5 36. b4 e6 37. Na7 Bd7 38. Bc6 Bd4 39. Bxd7 Bxa7 40.
Kg2 Kf6 41. Kf3 e5 42. fxe5+ Kxe5 43. b5 f5 44. Be8 Kf6 45. h4 h6 46. Bc6 g5 47.
hxg5+ hxg5 48. Bd5 Bb6 49. Bc4 g4+ 50. Kg2 f4 51. Be2 Kg5 52. Bd1 Kf5 53. Be2 Bc7 54. Bd1 Bb6 55. Be2 Bc7 56. Bd1 Ba5 57. Be2 Bd8 58. Bd1 Ke4 59. Bxg4 Bb6 60. Bf3+ Ke5 61. Bg4 Ke4 62. Bf3+ Ke3 63. Bg4 Ke4 1/2-1/2

[Event "*** SCC Grand Prix: Titled Tuesday Blitz"]
[Site "Chess.com"]
[Date "2020.08.25"]
[Round "3"]
[White "KonstantinB_1983"]
[Black "Azatic"]
[Result "0-1"]
[WhiteElo "2385"]
[BlackElo "2592"]
[TimeControl "180+1"]
[EndTime "10:30:55 PDT"]
[Termination "Azatic won by resignation"]

1. Nf3 c5 2. e3 Nf6 3. c4 g6 4. b3 Bg7 5. Bb2 O-O 6. Be2 b6 7. O-O Bb7 8. Nc3 Nc6 9. Rc1 e6 10.
d4 cxd4 11. Nxd4 Nxd4 12. Qxd4 d5 13. Qh4 dxc4 14. Bxc4 Ne4 15. Qg4 h5 16. Qe2 Nxc3 17. Bxc3 Bxc3 18. Rxc3 Rc8 19. Rd3 Qg5 20. f3 b5 21. f4 Qf5 22. Rd7 bxc4 23. Rxb7 c3 24. Rd7 Rfd8 25. Rxd8+ Rxd8 26. Qc4 c2 27. e4 Qa5 28.
Qxc2 Rd2 29. Qb1 Qb6+ 30. Kh1 h4 31. h3 Qe3 32. b4 Qe2 33. Rg1 Rxa2 34. Qc1 Rc2 35. Qa1 Qf2 36. Qf6 Qg3 37. b5 Rc4 38.
f5 Rxe4 39. Rd1 Re1+ 40. Rxe1 Qxe1+ 41. Kh2 Qg3+ 42. Kh1 gxf5 43. Qh6 Qe1+ 44. Kh2 Qg3+ 45. Kh1 f4 46. Qf6 f3 47. gxf3 Qxh3+ 48. Kg1 Qg3+ 49. Kh1 h3 50. Qb2 Qxf3+ 51. Kh2 Qg2+ 52. Qxg2+ hxg2 53. Kxg2 Kf8 0-1

[Event "*** SCC Grand Prix: Titled Tuesday Blitz"]
[Site "Chess.com"]
[Date "2020.08.25"]
[Round "3"]
[White "Chessdreamer2020"]
[Black "Cambek64"]
[Result "0-1"]
[WhiteElo "2502"]
[BlackElo "2355"]
[TimeControl "180+1"]
[EndTime "10:30:55 PDT"]
[Termination "Cambek64 won on time"]

1. e4 e6 2. d4 d5 3. Nd2 Nc6 4. Ngf3 Nf6 5. e5 Nd7 6. Bd3 Nb4 7.
Be2 c5 8. c3 Nc6 9. O-O Qb6 10.
Nb3 cxd4 11. cxd4 a5 12. a4 Be7 13. Bg5 O-O 14. Bxe7 Nxe7 15. Bd3 Ng6 16. h4 Qd8 17. h5 Nh4 18. g3 Nxf3+ 19. Qxf3 h6 20. Kg2 b6 21.
Qe2 Nb8 22. Bb1 Ba6 23. Qc2 Bxf1+ 24. Kxf1 f5 25. exf6 Qxf6 26. Qh7+ Kf7 27. Bd3 Nc6 28. Rc1 Ke7 29. f4 Kd6 30. Bb5 Rac8 31. Qd3 Nb4 32.
Qe3 Rxc1+ 33. Qxc1 Qf5 34. Nc5 Qh3+ 35. Kf2 Qh2+ 36.
Kf3 Qxh5+ 37. Kg2 Qf5 38. Nb7+ Ke7 39. Qc7+ Kf6 40. Nd6 Qc2+ 41. Qxc2 Nxc2 42. Ne8+ Rxe8 43. Bxe8 Nxd4 44. Kf2 e5 45. fxe5+ Kxe5 46. Ke3 Ne6 47. Bb5 Nc5 48. Be8 d4+ 49. Kd2 g5 50. Bg6 Kd5 51. Bf7+ Ke4 0-1

[Event "*** SCC Grand Prix: Titled Tuesday Blitz"]
[Site "Chess.com"]
[Date "2020.08.25"]
[Round "3"]
[White "garicradomir"]
[Black "Smascher17"]
[Result "1-0"]
[WhiteElo "2293"]
[BlackElo "2456"]
[TimeControl "180+1"]
[EndTime "10:30:55 PDT"]
[Termination "garicradomir won by checkmate"]

1. e4 c5 2. Nf3 d6 3. Be2 Nf6 4. c3 Nc6 5. d4 cxd4 6. cxd4 Bg4 7. Nc3 g6 8. d5 Nb8 9. O-O Bg7 10. Bg5 Nbd7 11. Qd2 O-O 12. Bh6 Rc8 13. Bxg7 Kxg7 14. Rac1 a6 15. Rfe1 b5 16. Nd4 Bxe2 17. Nc6 Qe8 18.
Rxe2 Nb8 19. Nd4 Nfd7 20. Qg5 Kh8 21. Rf1 e5 22. dxe6 fxe6 23. f4 b4 24. Nd1 Nc6 25. Nxc6 Rxc6 26. h3 Rc5 27. Qh4 Qd8 28. Qe1 a5 29. f5 exf5 30. exf5 Rcxf5 31. Rxf5 gxf5 32. Qd2 Ne5 33. Nf2 Qf6 34. Nd3 Nc4 35. Qf4 Nb6 36.
Nf2 Nd5 37. Qd2 Ne7 38. Nd3 Ng6 39. Rf2 Qd4 40. Qe2 Kg7 41. Kh1 Rf7 42. Rf3 Re7 43. Qf1 f4 44. Nxf4 Qxb2 45. Nh5+ Kh6 46. Ng3 Qd2 47. Nf5+ Kg5 48. Nxe7 h5 49. Nxg6 Kxg6 50.
Rf6+ Kg7 51. Rf7+ Kg6 52. Qf5+ Kh6 53. Rh7# 1-0

[Event "*** SCC Grand Prix: Titled Tuesday Blitz"]
[Site "Chess.com"]
[Date "2020.08.25"]
[Round "3"]
[White "attack2mateU"]
[Black "cukin84"]
[Result "1-0"]
[WhiteElo "2696"]
[BlackElo "2053"]
[TimeControl "180+1"]
[EndTime "10:30:57 PDT"]
[Termination "attack2mateU won by resignation"]

1. e4 c6 2. Nc3 d5 3. Nf3 Bg4 4. h3 Bxf3 5. Qxf3 e6 6. Be2 Nd7 7. O-O Ngf6 8. d4 dxe4 9. Nxe4 Nxe4 10. Qxe4 Nf6 11. Qd3 Bd6 12. Rd1 O-O 13. Bd2 Qc7 14. c4 e5 15. dxe5 Bxe5 16. Qc2 Rfe8 17. Bf1 Rad8 18.
Be1 Qb6 19. Rab1 Rxd1 20. Qxd1 Rd8 21. Qc2 g6 22. b3 Qd4 23. Be2 Qe4 24. Qxe4 Nxe4 25.
Rc1 Bf4 26. Rd1 Rxd1 27. Bxd1 Kf8 28. Bc2 Nd2 29. Kh1 Bh6 30. g3 Nf3 31. Bb4+ Ke8 32. Kg2 Nd4 33. Bd3 Bf8 34. Bc3 c5 35. f4 Bg7 36. Bd2 Kd7 37. g4 b6 38. f5 Be5 39.
Be3 Kd6 40. h4 Bf6 41. fxg6 fxg6 42. h5 gxh5 43. gxh5 Ke5 44. Bxh7 Ne6 45. Bb1 Bh8 46. Kf3 Nd4+ 47. Kg4 Ne6 48. Bf5 Nd4 49. Bf4+ Kf6 50. Bd3 Kg7 51. Be4 Kg8 52. Bb8 Bg7 53. Bxa7 b5 54.
Bxc5 bxc4 55. bxc4 Ne6 56. Bd5 Kf7 57. Kf5 Bh6 58.
Bxe6+ Kg7 59. Bd4+ Kh7 60. c5 1-0

[Event "*** SCC Grand Prix: Titled Tuesday Blitz"]
[Site "Chess.com"]
[Date "2020.08.25"]
[Round "3"]
[White "blitzking1729"]
[Black "Kavyev_Ruslan"]
[Result "1-0"]
[WhiteElo "2671"]
[BlackElo "2476"]
[TimeControl "180+1"]
[EndTime "10:30:57 PDT"]
[Termination "blitzking1729 won by resignation"]

1. d4 Nf6 2. Bg5 Ne4 3. Bf4 c5 4. f3 Qa5+ 5. c3 Nf6 6. d5 Qb6 7. Bc1 e6 8. e4 exd5 9. exd5 Be7 10. c4 O-O 11. Bd3 d6 12. Ne2 Qd8 13. Nbc3 a6 14. a4 Nbd7 15. Qc2 Ne5 16. O-O Re8 17. Ng3 Nxd3 18. Qxd3 Bf8 19. Bg5 h6 20. Bf4 g6 21.
Qd2 Kh7 22. Rae1 Rxe1 23. Rxe1 Bd7 24. Nce4 Nxe4 25. Nxe4 Bxa4 26. Qc3 Bg7 27. Qa3 b5 28. Nxd6 Qh4 29. g3 Qf6 30. Qxc5 Qxb2 31. Qf2 Qxf2+ 32. Kxf2 b4 33. Nxf7 b3 34. Be5 b2 35. Rb1 Bxe5 36.
Nxe5 Rb8 37. Nd3 Rc8 38. Rxb2 Rxc4 39. Ke3 Bb5 40. Ne5 Rc1 41. Rd2 Re1+ 42. Kd4 Kg7 43.
d6 Kf8 44. f4 g5 45. Kc5 gxf4 46. gxf4 Rc1+ 47. Kb6 Rf1 48. d7 Bxd7 49. Rxd7 Ke8 50.
Rd4 Ke7 51. Kxa6 Ke6 52. Kb5 Kf5 53. Nd3 Rh1 54. Kc4 Rxh2 55. Rd5+ Kf6 56. Kd4 h5 57. Ke4 Re2+ 58. Kf3 Rd2 59. Ke3 Rh2 60. Nf2 Kg6 61.
Rg5+ Kf6 62. Kf3 1-0

[Event "*** SCC Grand Prix: Titled Tuesday Blitz"]
[Site "Chess.com"]
[Date "2020.08.25"]
[Round "3"]
[White "gagtemp"]
[Black "Dannyyi"]
[Result "0-1"]
[WhiteElo "1953"]
[BlackElo "2273"]
[TimeControl "180+1"]
[EndTime "10:30:58 PDT"]
[Termination "Dannyyi won by resignation"]

1. e4 e5 2. Nf3 Nc6 3. Bc4 Nf6 4. d3 Bc5 5. O-O d6 6. a4 h6 7. Re1 Bg4 8. c3 O-O 9. b4 Nxb4 10. cxb4 Bxb4 11. Nbd2 c6 12. h3 Bh5 13. Rb1 a5 14. g4 Bg6 15. Bb2 Qd7 16. Qe2 b5 17.
Bb3 Rfe8 18. Rec1 Nxg4 19. hxg4 Qxg4+ 20. Kf1 Bxd2 21. Nxd2 Qh3+ 22. Ke1 d5 23. Qf3 Qh2 24. Nf1 Qh4 25. Qg3 Qf6 26. Qg2 dxe4 27. dxe4 Rad8 28.
Rd1 Qe7 29. Ng3 Qb4+ 30. Kf1 Qxb3 31. Rxd8 Rxd8 32. Nf5 Bxf5 33. exf5 Rd1+ 34. Ke2 Rxb1 35. Qxc6 Qc4+ 36. Qxc4 bxc4 37. Bxe5 Rb4 38. Bc3 Rxa4 39. Ke3 Ra2 40. Kd4 Rxf2 41. Kxc4 Rxf5 42. Kb3 h5 43. Ka4 g6 44. Bxa5 Rxa5+ 45. Kxa5 Kg7 46. Kb4 Kh6 47. Kc3 f5 48. Kd3 g5 49. Ke3 h4 50. Kf2 Kh5 51. Kg2 g4 0-1

[Event "*** SCC Grand Prix: Titled Tuesday Blitz"]
[Site "Chess.com"]
[Date "2020.08.25"]
[Round "3"]
[White "Ginger_GM"]
[Black "JoliyRoger"]
[Result "1-0"]
[WhiteElo "2568"]
[BlackElo "2372"]
[TimeControl "180+1"]
[EndTime "10:30:59 PDT"]
[Termination "Ginger_GM won on time"]

1. d4 Nf6 2. Bf4 d5 3. Nc3 c6 4. e3 Bf5 5. f3 e6 6. g4 Bg6 7. h4 h5 8. g5 Nfd7 9. Bd3 Bxd3 10. cxd3 g6 11. Nge2 Be7 12. Qb3 Qb6 13. Qxb6 axb6 14. Kf2 b5 15. e4 b4 16. Nd1 Na6 17. Ne3 O-O 18. Rhc1 Rfc8 19. Bg3 b6 20. Ke1 Kf8 21.
Kd2 Ke8 22. f4 Bd6 23. f5 Bxg3 24. Nxg3 Nf8 25. Ne2 Nc7 26. Rxc6 Nb5 27. Rxc8+ Rxc8 28. Rc1 Ra8 29. Ra1 Rd8 30. exd5 exf5 31. Rc1 Ra8 32.
Rc6 Nd7 33. Kc2 Rxa2 34. Kb3 Ra8 35. Kxb4 Na7 36. Rc1 Nc8 37. Nf4 Kd8 38. Nc4 Ra2 39.
Kb3 Ra6 40. Ne5 Nd6 41. Rc6 Nb5 42. Ne2 Na7 43. Rc1 Nb5 44. Nxf7+ Ke7 45. Ne5 Kd6 46. Nxg6 Kxd5 47. Ngf4+ Kd6 48. g6 Nf6 49. g7 Ra7 50. Nxh5 Ng8 51. Rg1 Kd5 52. Nhf4+ Kd6 53. h5 Nh6 54.
Rg6+ Ke7 55. Rxh6 1-0

[Event "*** SCC Grand Prix: Titled Tuesday Blitz"]
[Site "Chess.com"]
[Date "2020.08.25"]
[Round "3"]
[White "tptagain"]
[Black "wannabe2700"]
[Result "0-1"]
[WhiteElo "2865"]
[BlackElo "2642"]
[TimeControl "180+1"]
[EndTime "10:31:00 PDT"]
[Termination "wannabe2700 won by checkmate"]

1. e4 c6 2. d3 d5 3. Nc3 d4 4.
Nce2 e5 5. f4 exf4 6. Bxf4 c5 7.
Nf3 Nc6 8. c3 Bg4 9. Ng3 Bd6 10.
Qd2 Nge7 11. Be2 Ng6 12. Bxd6 Qxd6 13. O-O h5 14. Nf5 Bxf5 15. exf5 Nge7 16. Ng5 Qh6 17.
Rad1 O-O 18. f6 Nd5 19. fxg7 Kxg7 20. Ne4 f5 21. Nxc5 Ne3 22. Bf3 Nxf1 23. Kxf1 Rae8 24.
Qxh6+ Kxh6 25. Nxb7 Ne5 26. Nc5 Nxf3 27. gxf3 Re3 28.
Kf2 Rfe8 29. Rd2 Kg5 30. cxd4 Kf4 31. Kf1 Rxf3+ 32. Rf2 Ke3 33. Rxf3+ Kxf3 34. d5 Re5 35.
d4 Rxd5 36. Ne6 f4 37. b4 Ke3 38. a4 Rd6 39. Ng7 Ke4 40. Nxh5 Rxd4 41. Ke2 f3+ 42.
Kf2 Rd2+ 43. Kg3 Rg2+ 44. Kh3 Rg6 45. Ng3+ Ke3 46. b5 Rxg3+ 47. Kxg3 f2 48. h4 f1=Q 49. Kg4 Qf4+ 50. Kh5 Qxa4 51. Kg6 Qxb5 52. h5 Qb6+ 53. Kg7 Kf4 54. h6 Kg5 55. h7 Qb7+ 56. Kg8 Kg6 57. h8=Q Qf7# 0-1

[Event "*** SCC Grand Prix: Titled Tuesday Blitz"]
[Site "Chess.com"]
[Date "2020.08.25"]
[Round "3"]
[White "Shota_Azaladze"]
[Black "LiemLe"]
[Result "1/2-1/2"]
[WhiteElo "2673"]
[BlackElo "2929"]
[TimeControl "180+1"]
[EndTime "10:31:02 PDT"]
[Termination "Game drawn by repetition"]

1. Nf3 d5 2. g3 c5 3. Bg2 Nc6 4. d4 Nf6 5. O-O e6 6. c3 Be7 7. Bg5 O-O 8. e3 b6 9. Nbd2 h6 10. Bxf6 Bxf6 11. Re1 Bb7 12. Qb3 Qc7 13. Rad1 Rfd8 14.
a3 Rac8 15. Qa2 g6 16. Qb1 Bg7 17. h4 Ne7 18. h5 g5 19. Nh2 Nf5 20. Ng4 Nd6 21. f4 f5 22. Ne5 g4 23. Kf2 Ne8 24.
Rh1 Ba6 25. Bf1 Bxf1 26. Rdxf1 Nf6 27. Qd3 b5 28. dxc5 Qxc5 29. Rd1 a5 30. Nb3 Qb6 31. Nd4 Ne4+ 32. Kg2 b4 33. cxb4 axb4 34. a4 Bxe5 35.
fxe5 Rc4 36. Rc1 Rdc8 37. Rxc4 dxc4 38. Qc2 b3 39. Qe2 c3 40. Rc1 Rc5 41. a5 Rxa5 42. Qc4 Rc5 43. Qa4 Qb8 44. Qd7 Rxe5 45. Ra1 Nf6 46.
Qe7 Nd5 47. Qd7 Nxe3+ 48. Kf2 cxb2 49. Ra7 Nd1+ 50. Kf1 Qxa7 51. Qxa7 b1=Q 52. Qb8+ Kf7 53. Qc7+ Kf6 54. Qd8+ Kf7 55. Qd7+ Kf8 56. Qd8+ Kf7 57.
Qd7+ Kf8 58. Qd8+ Kf7 1/2-1/2

[Event "*** SCC Grand Prix: Titled Tuesday Blitz"]
[Site "Chess.com"]
[Date "2020.08.25"]
[Round "3"]
[White "ElGasanov"]
[Black "Brave_spirit12"]
[Result "0-1"]
[WhiteElo "2752"]
[BlackElo "2541"]
[TimeControl "180+1"]
[EndTime "10:31:02 PDT"]
[Termination "Brave_spirit12 won on time"]

1. d4 Nf6 2. Nf3 e6 3. c4 d5 4. e3 Be7 5. a3 a6 6. b4 dxc4 7. Bxc4 b5 8. Bd3 Bb7 9. O-O O-O 10. Qe2 Ne4 11. Qc2 f5 12. Ne5 Nd7 13. Nc6 Bxc6 14.
Qxc6 Nd6 15. Nd2 Nb6 16. Bb2 Nd5 17. Nb3 Qe8 18. Rfc1 Qg6 19. Nc5 Rab8 20. Nd7 Rbe8 21. Nxf8 Rxf8 22. Qxa6 Qg5 23. f4 Qg4 24. Re1 Bh4 25.
Re2 Rf6 26. Qa8+ Kf7 27. Rf1 Nc4 28. Qc6 Ncxe3 29. Rf3 Nxg2 30. Qd7+ Ne7 31. Rxg2 Qxf3 32. d5 Qe3+ 33. Kh1 exd5 34. Bxf6 Bxf6 35. Bxf5 d4 36. h3 g6 37. Bb1 Qc1+ 38. Rg1 Qxf4 39. Ba2+ Kg7 40. Qe6 Kh6 41. Qe2 Be5 42. Rf1 Qg3 43. Qd2+ g5 44. Qg2 Qxg2+ 45. Kxg2 Ng6 46. Rc1 d3 47.
Kf3 Bf4 0-1

[Event "*** SCC Grand Prix: Titled Tuesday Blitz"]
[Site "Chess.com"]
[Date "2020.08.25"]
[Round "3"]
[White "Fandorine"]
[Black "kleopl"]
[Result "1/2-1/2"]
[WhiteElo "2912"]
[BlackElo "2458"]
[TimeControl "180+1"]
[EndTime "10:31:02 PDT"]
[Termination "Game drawn by agreement"]

1. d4 f5 2. Bg5 h6 3. Bh4 g5 4. e3 Nf6 5. Bg3 Bg7 6. Nc3 d6 7. f3 c6 8. Qd2 Qa5 9. O-O-O b5 10. Kb1 Be6 11. a3 Qb6 12. e4 a5 13. d5 Bf7 14.
Bf2 Qc7 15. dxc6 b4 16. Nb5 Qxc6 17. Nd4 Qb7 18. Nxf5 bxa3 19. Nxg7+ Kf8 20. Qc3 a2+ 21. Ka1 Kxg7 22. h4 Nc6 23. hxg5 hxg5 24. Rxh8 Rxh8 25. Qd2 Rb8 26. Qxg5+ Kf8 27. Qc1 a4 28. Ne2 Na5 29. Nc3 a3 30. bxa3 Qc7 31. Qh6+ Kg8 32. Qg5+ Kh7 33. Be1 Qb6 34. Qc1 Qc5 35. Bd3 Nc4 36. Bxc4 Qxc4 37. Bd2 Qc5 38. Rh1+ Kg7 39. Bh6+ Kg6 40.
Qe3 Qxe3 41. Bxe3 Rc8 42. Bd2 d5 43. e5 Nd7 44. Rc1 Nxe5 45. Nxa2 d4 46. Nb4 Nc4 47.
Rd1 Nxa3 48. Bf4 Nxc2+ 49. Nxc2 Rxc2 50. Rxd4 Rxg2 51. Be5 Kf5 52. f4 Bb3 53. Kb1 e6 54. Kc1 Bd5 55. Kd1 Ra2 56. Ke1 1/2-1/2

[Event "*** SCC Grand Prix: Titled Tuesday Blitz"]
[Site "Chess.com"]
[Date "2020.08.25"]
[Round "3"]
[White "alexsergeyev"]
[Black "Borsuk_Konstantin"]
[Result "0-1"]
[WhiteElo "2346"]
[BlackElo "2544"]
[TimeControl "180+1"]
[EndTime "10:31:03 PDT"]
[Termination "Borsuk_Konstantin won on time"]

1. d4 Nf6 2. c4 e6 3. Nf3 b6 4.
g3 Bb7 5. Bg2 Be7 6. O-O O-O 7.
Nc3 Ne4 8. Qc2 Nxc3 9. Qxc3 a5 10. b3 d6 11. Bb2 Nd7 12. Rfe1 Qc8 13. Qc2 f5 14. d5 e5 15. Bh3 g6 16. e4 f4 17.
Bxe5 Nxe5 18. Bxc8 Nxf3+ 19. Kg2 Nxe1+ 20. Rxe1 f3+ 21. Kg1 Raxc8 22. Qd3 Rf7 23. h4 Rcf8 24. h5 gxh5 25. e5 dxe5 26. Rxe5 Rg7 27. Rxh5 Bc5 28. Rf5 Bc8 29.
Rxf8+ Kxf8 30. Qxf3+ Rf7 31. Qh5 Bxf2+ 32. Kg2 Bc5 33.
Qh6+ Ke8 34. Qc6+ Bd7 35. Qa8+ Ke7 36. Qg8 Bd6 37. g4 Be5 38. g5 Rg7 39. Qa8 Rxg5+ 40. Kf3 Rg7 41. c5 bxc5 42. Qxa5 Bd6 43. Qe1+ Kd8 44.
Qa5 h5 45. Qa8+ Bc8 46. Qa4 Rg4 47. Qb5 h4 48. Qd3 Rg3+ 0-1

[Event "*** SCC Grand Prix: Titled Tuesday Blitz"]
[Site "Chess.com"]
[Date "2020.08.25"]
[Round "3"]
[White "felipelobo"]
[Black "Ceejay271"]
[Result "1/2-1/2"]
[WhiteElo "2131"]
[BlackElo "2332"]
[TimeControl "180+1"]
[EndTime "10:31:03 PDT"]
[Termination "Game drawn - insufficient material"]

1. e4 c5 2. Nf3 Nc6 3. d4 cxd4 4.
Nxd4 g6 5. Nc3 Bg7 6. Be3 Nf6 7.
Be2 O-O 8. O-O d5 9. exd5 Nxd5 10.
Nxd5 Qxd5 11. Nxc6 Qxc6 12. c3 Bf5 13. Bf3 Be4 14.
Bxe4 Qxe4 15. Re1 Qc6 16. Qb3 b5 17. Rad1 a5 18. Bd4 a4 19. Qb4 Bxd4 20. Rxd4 e6 21. Red1 Rab8 22. Rd6 Qc4 23. Qxc4 bxc4 24. R1d2 Rb5 25.
Ra6 Rfb8 26. Rxa4 Rxb2 27. Rxb2 Rxb2 28. g3 Rc2 29. Rxc4 Rxa2 30. Rc7 h5 31. h4 Kg7 32. Kg2 Kf6 33. Kf3 e5 34. Ke3 Ke6 35. Kf3 f6 36. Rc6+ Kf5 37. Ke3 g5 38. hxg5 fxg5 39. Kf3 Rc2 40. Ke3 Kg4 41. Rc5 h4 42. gxh4 gxh4 43.
f3+ Kg3 44. Kd3 Rf2 45. Rxe5 h3 46. Rh5 h2 47. c4 Rxf3+ 48. Kc2 Rf4 49. Rxh2 Kxh2 50.
Kd3 Rf5 51. Kd4 Kg3 52. c5 Kf4 53. c6 Rf8 54. Kd5 Kf5 55. Kd6 Rd8+ 56. Ke7 Rd1 57. c7 Rc1 58. Kd7 Rxc7+ 59. Kxc7 1/2-1/2

[Event "*** SCC Grand Prix: Titled Tuesday Blitz"]
[Site "Chess.com"]
[Date "2020.08.25"]
[Round "3"]
[White "anon569"]
[Black "Chamal_Gedgafov"]
[Result "1-0"]
[WhiteElo "2331"]
[BlackElo "2115"]
[TimeControl "180+1"]
[EndTime "10:31:03 PDT"]
[Termination "anon569 won on time"]

1. e4 e6 2. Nf3 d5 3. Nc3 c5 4. exd5 exd5 5. d4 c4 6. Be2 Nf6 7. O-O Be7 8. b3 cxb3 9. axb3 O-O 10. Bf4 Bf5 11. Ne5 Nbd7 12. Bf3 Nb6 13. Ne2 a6 14. Ng3 Bg6 15. Nxg6 hxg6 16. Qd3 Rc8 17. Rfe1 Bd6 18. Bd2 Nbd7 19. Ba5 Bc7 20. Bb4 Re8 21. Rxe8+ Nxe8 22. Bxd5 Rb8 23. Qxg6 Qf6 24. Qg4 Nb6 25. Nh5 Qh6 26. Bf3 Nf6 27. Nxf6+ Qxf6 28. Re1 Rd8 29. Bc3 Nd5 30.
Ba1 g6 31. c4 Nb4 32. d5 Qd6 33. Qh4 f6 34. Qh6 Qf8 35. Qxg6+ Qg7 36. Qxf6 Qxf6 37. Bxf6 Rb8 38. Bc3 Bd6 39. Re6 a5 40. h4 Bf8 41.
Re5 b5 42. Rg5+ Kf7 43. d6 a4 44. bxa4 Bxd6 45. axb5 Nc2 46. Rf5+ Ke6 47. Rf6+ Ke7 48. Rh6 1-0

[Event "*** SCC Grand Prix: Titled Tuesday Blitz"]
[Site "Chess.com"]
[Date "2020.08.25"]
[Round "3"]
[White "FontVella8"]
[Black "cassoulet"]
[Result "1/2-1/2"]
[WhiteElo "2471"]
[BlackElo "2709"]
[TimeControl "180+1"]
[EndTime "10:31:04 PDT"]
[Termination "Game drawn - insufficient material"]

1. e4 c5 2. Nf3 Nc6 3. d4 cxd4 4. Nxd4 Nf6 5. Nc3 d6 6. Bg5 e6 7. Qd2 a6 8. O-O-O Bd7 9. f4 h6 10. Bxf6 gxf6 11. f5 h5 12. Kb1 b5 13. h4 Qb6 14.
Nce2 Bh6 15. Qe1 O-O-O 16. Nxc6 Bxc6 17. Nd4 Bd7 18. Rh3 Kb8 19. Be2 Bf4 20. Rb3 Be5 21. c3 Qa5 22. Qf2 Kc7 23. Rb4 Rb8 24. Nf3 Qb6 25.
Qxb6+ Rxb6 26. Nxe5 fxe5 27. fxe6 Bxe6 28. c4 bxc4 29.
Rxb6 Kxb6 30. Rxd6+ Kb7 31. Kc2 Rg8 32. Bf3 Bg4 33. Rf6 Bxf3 34. gxf3 Rg2+ 35. Kc3 Rh2 36. Rxf7+ Kb6 37. Rf5 Rxh4 38. Rxe5 Rh3 39. Rf5 h4 40. Kxc4 Rh2 41. Rf6+ Ka7 42. Kc3 h3 43. f4 Rh1 44.
Rh6 h2 45. Kb3 Kb7 46. a4 a5 47. e5 Rf1 48. Rxh2 Rf3+ 49. Ka2 Rxf4 50. b3 Re4 51. Rh5 Kb6 52. Kb2 Kc5 53. Kc3 Re3+ 54. Kc2 Kb4 55. Rh4+ Ka3 56. Rc4 Rxe5 57. Kc3 Re3+ 58. Kc2 Rxb3 59.
Rc3 Rxc3+ 60. Kxc3 Kxa4 61. Kb2 Kb4 62. Ka2 Kc3 63.
Ka3 a4 64. Kxa4 1/2-1/2

[Event "*** SCC Grand Prix: Titled Tuesday Blitz"]
[Site "Chess.com"]
[Date "2020.08.25"]
[Round "3"]
[White "ketster"]
[Black "joppie2"]
[Result "0-1"]
[WhiteElo "2448"]
[BlackElo "2870"]
[TimeControl "180+1"]
[EndTime "10:31:05 PDT"]
[Termination "joppie2 won by resignation"]

1. d4 Nf6 2. c4 e6 3. g3 d5 4. Bg2 Bb4+ 5. Bd2 Be7 6. Nf3 O-O 7. O-O c6 8. Qc2 b6 9. Ne5 Bb7 10. a3 Nbd7 11. cxd5 cxd5 12. Nc6 Bxc6 13. Qxc6 Qc8 14.
Qa4 a6 15. Rc1 Qb7 16. Bf4 Rfc8 17. Nc3 b5 18. Qb3 Nb6 19. a4 b4 20. a5 Nc4 21.
Nd1 Qb5 22. Bf1 Nxa5 23. Rxc8+ Rxc8 24. Qa2 Bd8 25. e4 Qb7 26. e5 Nd7 27. Qa4 h6 28. Bd2 Nc4 29. Qxb4 Qc6 30. b3 a5 31. Qc3 Nxd2 32.
Qxd2 Qb6 33. Qe3 Bg5 34. f4 Be7 35. Nf2 Bb4 36. Rc1 Rxc1 37. Qxc1 Qxd4 38. Kg2 Nc5 39. Qc2 g6 40. Bb5 Kg7 41. Bf1 h5 42.
Bb5 Kf8 43. Bf1 Qc3 44. Qd1 Qxb3 45. Qd4 Qc3 46. Qd1 Qd2 47. Qb1 a4 48. Bb5 Ne4 49.
Qf1 Nxf2 50. Qxf2 Qxf2+ 51. Kxf2 a3 52. Bc4 dxc4 0-1

[Event "*** SCC Grand Prix: Titled Tuesday Blitz"]
[Site "Chess.com"]
[Date "2020.08.25"]
[Round "3"]
[White "rynos0411"]
[Black "Carnivoras"]
[Result "1-0"]
[WhiteElo "2427"]
[BlackElo "2653"]
[TimeControl "180+1"]
[EndTime "10:31:05 PDT"]
[Termination "rynos0411 won by resignation"]

1. e4 e5 2. Nf3 Nc6 3. Bb5 Nf6 4. O-O d6 5. Re1 Be7 6. c3 O-O 7. h3 a6 8. Ba4 b5 9. Bb3 Na5 10. Bc2 c5 11. d4 Qc7 12. Nbd2 Bd7 13. Nf1 Nc4 14.
b3 Nb6 15. Ne3 Rfc8 16. Bb2 Bc6 17. dxe5 dxe5 18. Nf5 c4 19. Qe2 Bf8 20. Rad1 Rd8 21. Bc1 Rxd1 22. Rxd1 Rd8 23. Rxd8 Qxd8 24. Bg5 g6 25.
Nxe5 Ba8 26. Ng4 Nbd7 27. Nd4 cxb3 28. axb3 Be7 29. Nxf6+ Bxf6 30. Be3 Qc8 31. Qd2 Nc5 32. f3 Bb7 33. Ne2 Ne6 34. Nd4 Nc5 35. Ne2 Qc6 36. Bd4 Nd7 37. Bxf6 Nxf6 38. Nd4 Qb6 39. Kh2 Qd6+ 40.
g3 Nd7 41. Qe3 Nc5 42. Ne2 Ne6 43. f4 Qa3 44. f5 Nc5 45. f6 Ne6 46. Nd4 Qc5 47.
Qd2 Qc8 48. Nxe6 fxe6 49. Qd6 Qe8 50. e5 h5 51. c4 Qf7 52. c5 Bd5 53. c6 Kh7 54. c7 Bb7 55. Be4 Kh6 56. Bxb7 1-0

[Event "*** SCC Grand Prix: Titled Tuesday Blitz"]
[Site "Chess.com"]
[Date "2020.08.25"]
[Round "3"]
[White "ARTHURMOTIVATOR"]
[Black "ShahMatKanal"]
[Result "1/2-1/2"]
[WhiteElo "2255"]
[BlackElo "2494"]
[TimeControl "180+1"]
[EndTime "10:31:05 PDT"]
[Termination "Game drawn by agreement"]

1. e4 c6 2. d4 g6 3. Nc3 d5 4.
Nf3 Bg7 5. h3 dxe4 6. Nxe4 Nf6 7. Nxf6+ exf6 8. Bc4 O-O 9. O-O Nd7 10. a4 a5 11. c3 Nb6 12. Bb3 Qd6 13. Re1 Be6 14. Bxe6 fxe6 15. Nd2 Rae8 16. Qb3 Qc7 17. Rxe6 Qf7 18.
Rxe8 Rxe8 19. Qxf7+ Kxf7 20. Kf1 Bh6 21. Nf3 Bxc1 22.
Rxc1 Nxa4 23. b3 Nb6 24. Ra1 Ra8 25. Nd2 a4 26. bxa4 Rxa4 27. Rb1 Ra6 28. Nb3 Nd5 29. Nc5 Ra7 30. c4 Nc3 31. Rxb7+ Rxb7 32. Nxb7 Ke6 33.
Ke1 Ne4 34. f3 Ng3 35. Kf2 Nf5 36. Nc5+ Kd6 37. Nb3 h5 38. g4 Ng7 39. Ke3 h4 40. Nd2 g5 41. Ne4+ Ke6 42. f4 gxf4+ 43. Kxf4 f5 44. Nc5+ Kf6 45. Nd7+ Ke6 46. Nc5+ Kf6 47. gxf5 Nxf5 48. d5 cxd5 49. cxd5 Nd6 50. Ne4+ Nxe4 51. Kxe4 Ke7 52. Ke5 Kd7 53. Kf5 Kd6 54. Kg5 Kxd5 55.
Kxh4 Ke6 56. Kg5 Kf7 57. h4 Kg8 1/2-1/2